 Dungeon Sprint DCSS version 0.29-a0-194-g6e3aafee17 (webtiles) character file.

Game seed: 4445167436435934402

4730 Zeldest the Martial Artist (level 10, -1/62 HPs)
             Began as a Vine Stalker Monk on Feb 22, 2022.
             Was an Elder of Qazlal.
             Succumbed to a +2 halberd of venom's poison
             ... in the Dungeon (Sprint V: "Ziggurat Sprint").
             The game lasted 00:04:53 (205 turns).

Zeldest the Martial Artist (Vine Stalker Monk)       Turns: 205, Time: 00:04:54

Health: -1/62      AC: 17    Str: 29    XL:     10   Next: 46%
Magic:  10/20      EV:  0    Int: 10    God:    Qazlal [****..]
Gold:   0          SH: 35    Dex: 18    Spells: 9/9 levels left

rFire   + . .      SeeInvis .     - Unarmed
rCold   + . .      Faith    .   B - +18 shield of the Gong {rElec rN+ Will+ EV-5}
rNeg    + . .      Spirit   +   g - +5 gold dragon scales
rPois   +          Reflect  .   (no helmet)
rElec   +          Harm     .   (no cloak)
rCorr   .          Rampage  .   (no gloves)
Will    ++...      NoTele   +   (no boots)
Stlth   ..........              (no amulet)
HPRegen 1.00/turn               z - +6 ring of strength
MPRegen 0.17/turn               A - +6 ring of strength

@: lethally poisoned (-1 -> -14), studying Necromancy, repel missiles
A: fangs 3, regeneration 1, magic shield, antimagic bite, no potion heal 2
a: Renounce Religion, Upheaval, Elemental Force


You were in the Dungeon.
You worshipped Qazlal.
Qazlal was greatly pleased with you.
You visited 1 branch

Inventory:

Hand Weapons
 C - the +10 dark maul {vorpal}
   (You found it in the Dungeon)

   It inflicts extra damage upon your enemies.
Armour
 a - a +0 robe
 g - +5 gold dragon scales (worn)
 B - the +18 shield of the Gong (worn) {rElec rN+ Will+ EV-5}
   (You found it in the Dungeon)

   It is deafeningly noisy when blocking attacks.
   EV:        It affects your evasion (-5).
   rElec:     It insulates you from electricity.
   rN:        It protects you from negative energy.
   Will:      It increases your willpower.
Jewellery
 u - a ring of flight
 v - a +6 ring of dexterity
 w - a +6 ring of dexterity
 x - a +6 ring of intelligence
 y - a +6 ring of intelligence
 z - a +6 ring of strength (left hand)
 A - a +6 ring of strength (right hand)
Wands
 r - a wand of mindburst (7)
 s - a wand of iceblast (7)
 t - a wand of acid (7)
Scrolls
 f - 3 scrolls of blinking
 h - 4 scrolls of amnesia
 i - 8 scrolls of fog
 j - a scroll of holy word
 k - 5 scrolls of identify
 l - 2 scrolls of fear
 D - 4 scrolls of enchant weapon
Potions
 b - 10 potions of curing
 c - 6 potions of haste
 d - 5 potions of magic
 e - 3 potions of berserk rage
 m - 2 potions of brilliance
 n - 2 potions of invisibility
 o - 4 potions of resistance
 q - 5 potions of might
Miscellaneous
 p - a condenser vane
 E - a box of beasts


   Skills:
 + Level 11.8 Fighting
 - Level 2.4 Dodging
 - Level 2.4 Stealth
 + Level 8.0 Shields
 + Level 12.8 Unarmed Combat
 + Level 4.2 Transmutations
 + Level 12.4 Invocations
 + Level 6.0 Evocations


You had 9 spell levels left.
You didn't know any spells.
Your spell library contained the following spells:

 Spells                   Type           Power      Damage    Failure   Level
 Sandblast                Erth           0%         2d4       100%        1
 Sublimation of Blood     Necr           0%         N/A       100%        2
 Petrify                  Tmut/Erth      4%         N/A       100%        4
 Blade Hands              Tmut           4%         N/A       100%        5
 Borgnjor's Vile Clutch   Necr/Erth      0%         N/A       100%        5
 Irradiate                Conj/Tmut      2%         3d14      100%        5
 Dragon Form              Tmut           4%         N/A       100%        7


Dungeon Overview and Level Annotations

Branches:
Dungeon (1/1)

Altars:
Ashenzari
Cheibriados
Dithmenos
Elyvilon
Fedhas
Gozag
Hepliaklqana
Kikubaaqudgha
Makhleb
Nemelex Xobeh
Okawaru
Qazlal
Ru
Sif Muna
Trog
Uskayaw
Vehumet
Wu Jian
Xom
Yredelemnul
Zin
The Shining One
Beogh
Jiyva
Lugonu

Annotations:
D 1 transporter


Innate Abilities, Weirdness & Mutations

You have razor-sharp teeth.
Your natural rate of healing is unusually fast.
When hurt, damage is shared between your health and your magic reserves.
Your bite disrupts and absorbs the magic of your enemies.
Potions cannot restore your health.


Message History

The deep elf archer looks as sick as possible!
Aiming: Upheaval
Press: ? - help, Dir - move target, f - +2 halberd of venom
Aim: a +2 halberd of venom (moderately damaged) Magma suddenly erupts from the ground!
The blast of magma engulfs the deep elf archer!!
You kill the deep elf archer!
Qazlal accepts your kill.
The blast of magma engulfs the deep elf archer!!
You kill the deep elf archer!
Qazlal accepts your kill.
The blast of magma engulfs the +2 halberd of venom!
The +2 halberd of venom partially resists.
The +2 halberd of venom is heavily damaged.
You block the +2 halberd of venom's attack.
GONNNNG!
Your condenser vane has recharged.
Your Shields skill increases to level 8!
Your Transmutations skill gained 2 levels and is now at level 4!
Your Evocations skill increases to level 6!
You block the +2 halberd of venom's attack.
GONNNNG!
The +2 halberd of venom hits you from afar!
* * * LOW HITPOINT WARNING * * *
Magic courses through your body.
You block the +2 halberd of venom's attack.
PANG!
You block the +2 halberd of venom's attack.
GONNNNG!
You block the +2 halberd of venom's attack.
GONNNNG!
You hit the +2 halberd of venom but do no damage.
The +2 halberd of venom is heavily damaged.
The +2 halberd of venom hits you!
* * * LOW HITPOINT WARNING * * *
You are lethally poisoned!
You miss the +2 halberd of venom.
You bite the +2 halberd of venom, but do no damage.
The +2 halberd of venom is heavily damaged.
You die...

▓.|.).▓.)...▓.....▓
▓..)..▓.....▓.....▓
▓..†..▓..)..▓.....▓
▓..†..▓..)).▓.....▓
▓.....▓.....▓..©..▓
▓..©..▓..©..▓▓▓▓▓▓▓
▓▓▓▓▓▓▓▓▓▓▓▓▓▓▓▓▓▓▓
▓..8©8...▓..8©8...▓
▓...|}...▓..|☼!@≈.▓
▓........▓§☼§°)(..▓
▓........▓§§§.§§.○▓
▓........▓§.§.§...▓
▓.▓)...▓.▓.▓§.§§▓.▓
▓...©....▓...©....▓
▓▓▓▓▓▓▓▓▓▓▓▓▓▓▓▓▓▓▓


You could see a +2 halberd of venom.

Vanquished Creatures
  A balrug (D)
  A deep elf knight (D)
  3 deep elf archers (D)
  A deep elf pyromancer (D)
  2 deep elf zephyrmancers (D)
  2 tarantellas (D)
  An ushabti (D)
  2 scorpions (D)
  2 iron imps (D)
  A quasit (D)
  A mummy (D)
17 creatures vanquished.

Notes
Turn   | Place    | Note
-------+----------+-------------------------------------------
     0 | D        | Zeldest the Vine Stalker Monk began the quest for the Orb.
     0 | D        | Reached XP level 1. HP: 11/11 MP: 2/2
    12 | D        | Found a blossoming altar of Fedhas.
    12 | D        | Found the +6 Majin-Bo {vamp, MP+6 Int+6}
    12 | D        | Found the +9 heavy crossbow "Sniper" {vorpal, Acc+∞ SInv}
    12 | D        | Found the +10 dark maul {vorpal}
    12 | D        | Found the +15 Maxwell's patent armour {-Cast -Tele rElec
                  | Will+ rCorr}
    12 | D        | Found the +18 shield of the Gong {rElec rN+ Will+ EV-5}
    12 | D        | Found the +14 obsidian axe {vorpal, Mesm Drain Fly SInv}
    12 | D        | Found the +7 great mace "Firestarter" {inner flame, rF++}
    12 | D        | Found the +6 shillelagh "Devastator" {shatter}
    12 | D        | Found the +11 plutonium sword {Contam Stlth-}
    12 | D        | Found the +8 lance "Wyrmbane" {slay drac, rPois rF+ rC+
                  | AC+3}
    12 | D        | Found the +9 sword of Zonguldrok {reap}
    12 | D        | Found the +13 scythe of Curses {drain, Drain}
    12 | D        | Found the +5 sword of Power {vorpal}
    12 | D        | Found the +7 mace of Variability {chain chaos}
    12 | D        | Found the +7 Singing Sword {vorpal, sonic wave}
    12 | D        | Found the +8 storm bow {elec, penet}
    13 | D        | Found a viscous altar of Jiyva.
    13 | D        | Found a hazy altar of Hepliaklqana.
    13 | D        | Found a transporter.
    13 | D        | Found an opulent altar of Gozag.
    13 | D        | Found an ancient bone altar of Kikubaaqudgha.
    13 | D        | Found a corrupted altar of Lugonu.
    16 | D        | Found a burning altar of Makhleb.
    17 | D        | Found a sacrificial altar of Ru.
    17 | D        | Found a shimmering blue altar of Sif Muna.
    17 | D        | Found a stormy altar of Qazlal.
    17 | D        | Found a bloodstained altar of Trog.
    17 | D        | Found an iron altar of Okawaru.
    17 | D        | Found a sparkling altar of Nemelex Xobeh.
    59 | D        | Became a worshipper of Qazlal Stormbringer
    59 | D        | Reached * piety under Qazlal
    59 | D        | Reached ** piety under Qazlal
    73 | D        | Entered arena 2.
    73 | D        | Noticed an ushabti
    73 | D        | Found a transporter.
    78 | D        | Reached skill level 5 in Unarmed Combat
    78 | D        | Reached XP level 2. HP: 16/18 MP: 3/6
   108 | D        | Killed an ushabti
   109 | D        | Reached XP level 3. HP: 7/24 MP: 6/8
   109 | D        | Gained mutation: Your natural rate of healing is unusually
                  | fast. [Vine Stalker growth]
   109 | D        | Reached XP level 4. HP: 9/28 MP: 6/9
   109 | D        | Reached XP level 5. HP: 10/32 MP: 6/10
   118 | D        | Entered arena 3.
   118 | D        | Noticed a deep elf pyromancer
   118 | D        | Noticed a deep elf archer
   118 | D        | Noticed a deep elf zephyrmancer
   118 | D        | Found a transporter.
   120 | D        | Killed a deep elf zephyrmancer
   121 | D        | Reached XP level 6. HP: 25/39 MP: 1/13
   121 | D        | Reached XP level 7. HP: 29/44 MP: 1/14
   126 | D        | Killed a deep elf pyromancer
   127 | D        | Reached skill level 10 in Unarmed Combat
   127 | D        | Gained mutation: You have razor-sharp teeth. [Vine Stalker
                  | growth]
   127 | D        | Reached XP level 8. HP: 37/49 MP: 2/16
   135 | D        | Killed a deep elf archer
   135 | D        | Reached *** piety under Qazlal
   136 | D        | Reached skill level 10 in Fighting
   136 | D        | Reached skill level 5 in Shields
   136 | D        | Reached skill level 10 in Invocations
   140 | D        | Got the Compendium of Doomed Earth
   144 | D        | Entered arena 4.
   144 | D        | Noticed a tarantella
   144 | D        | Noticed a tarantella
   144 | D        | Found a transporter.
   145 | D        | Killed a tarantella
   146 | D        | Reached skill level 1 in Evocations
   146 | D        | Reached XP level 9. HP: 44/55 MP: 11/18
   150 | D        | Killed a tarantella
   157 | D        | Entered arena 5.
   157 | D        | Noticed a balrug
   157 | D        | Found a transporter.
   158 | D        | Reached **** piety under Qazlal
   167 | D        | Killed a balrug
   186 | D        | Entered arena 6.
   186 | D        | Noticed a deep elf archer
   186 | D        | Noticed a +2 halberd of venom
   186 | D        | Noticed a deep elf knight
   186 | D        | Noticed a deep elf archer
   186 | D        | Noticed a deep elf zephyrmancer
   186 | D        | Found a transporter.
   189 | D        | Killed a deep elf zephyrmancer
   190 | D        | Reached skill level 1 in Transmutations
   195 | D        | Killed a deep elf knight
   196 | D        | Reached skill level 5 in Evocations
   196 | D        | Reached XP level 10. HP: 20/61 MP: 2/20
   197 | D        | HP: 3/61 [deep elf archer/arrow (10)]
   200 | D        | Killed a deep elf archer
   200 | D        | Killed a deep elf archer
   204 | D        | HP: 3/62 [+2 halberd of venom (3)]
   205 | D        | Succumbed to a +2 halberd of venom's poison

Illustrated notes

Levels and vault maps discovered:
D:        sprint_v [room_start, room_1, room_2, room_3, room_4, room_5, room_6,
          room_7, room_8, room_9, room_10, room_11, room_12, room_13, room_14,
          room_15, room_16, room_17, room_18, room_19, room_20, room_21,
          room_22, room_23, room_24, room_25, room_26, room_27]

Skill      XL: |  1  2  3  4  5  6  7  8  9 10 |
---------------+-------------------------------+-----
Fighting       | 4 6 8 9 10 11 | 11.8
Unarmed Combat | 5 7 9 10 11 12 | 12.8
Invocations    | 4 6 8 9 10 12 | 12.4
Shields        | 3 5 7 8 |  8.0
Evocations     | 1 5 6 |  6.0
Transmutations | 2 4 |  4.2
Dodging        | |  2.4
Stealth        | |  2.4

Action                   |  1- 3 |  4- 6 |  7- 9 | 10-12 || total
-------------------------+-------+-------+-------+-------++-------
Melee: Unarmed           |    32 |       |    32 |     3 ||    67
       Bite              |    11 |       |     8 |     2 ||    21
Invok: Upheaval          |       |     2 |     6 |     1 ||     9
Evoke: Condenser vane    |       |       |       |     1 ||     1
  Use: Potion            |     1 |       |       |     2 ||     3
       Scroll            |       |       |       |     1 ||     1
Armor: Gold dragon scale |     4 |       |     5 |       ||     9
Block: Kite shield       |    16 |     1 |    43 |    10 ||    70

Table legend: (Time is in decaauts)
 A = Elapsed time spent in this place.
 B = Non-inter-level travel time spent in this place.
 C = Inter-level travel time spent in this place.
 D = Time resting spent in this place.
 E = Time spent auto-exploring this place.
 F = Levels seen in this place.
 G = Mean time per level.
                   A        B        C        D        E       F      G
               +--------+--------+--------+--------+--------+-----+--------+
         Total |    205 |    205 |      0 |      0 |      0 |   1 |  205.0 |
       Dungeon |    205 |    205 |      0 |      0 |      0 |   1 |  205.0 |
               +--------+--------+--------+--------+--------+-----+--------+

Top non-repeatable levels by time:
       D: 205 daAuts
